 Dungeon Crawl Stone Soup version 0.29.1-4-g47bece8355 (webtiles) character file.

Game seed: 6055085572954889734

7 concernfroge the Trooper (level 1, -2/18 HPs)
             Began as a Mummy Monk on Dec 3, 2022.
             Slain by a kobold
             ... wielding a +1 short sword of speed
              (3 damage)
             ... on level 1 of the Dungeon.
             The game lasted 00:00:23 (272 turns).

concernfroge the Trooper (Mummy Monk)                Turns: 272, Time: 00:00:23

Health: -2/18      AC:  2    Str: 14    XL:     1   Next: 83%
Magic:  1/1        EV: 12    Int:  9    God:
Gold:   44         SH:  0    Dex: 14    Spells: 0/0 levels left

rFire   x . .      SeeInvis .   a - +0 spear
rCold   + . .      Faith    .   (no shield)
rNeg    + + +      Spirit   .   b - +0 robe
rPois   ∞          Reflect  .   (no helmet)
rElec   .          Harm     .   (no cloak)
rCorr   .          Rampage  .   (no gloves)
Will    .....                   (no boots)
Stlth   ++........              (no amulet)
HPRegen 0.06/turn               (no ring)
MPRegen 0.07/turn               (no ring)

@: no status effects
A: cold resistance 1, negative energy resistance 3, torment resistance 2, heat
vulnerability 1, no potions
a: no special abilities


You were on level 1 of the Dungeon.
You visited 1 branch of the dungeon, and saw 1 of its levels.

You collected 44 gold pieces.

Inventory:

Hand Weapons
 a - a +0 spear (weapon)
Armour
 b - a +0 robe (worn)
Scrolls
 c - a scroll of identify {unknown}
 d - a scroll of fear {unknown}


   Skills:
 + Level 3.5 Fighting
 - Level 2.4 Polearms
 - Level 2.4 Dodging
 - Level 1.5 Stealth


You couldn't memorise any spells.
You didn't know any spells.
Your spell library was empty.

Dungeon Overview and Level Annotations

Branches:
Dungeon (1/15)

Altars:


Innate Abilities, Weirdness & Mutations

You are immune to poison.
Your flesh is cold resistant. (rC+)
You are immune to negative energy. (rN+++)
You are immune to unholy pain and torment.
You are vulnerable to heat. (rF-)
You do not drink.


Message History

The helpless goblin fails to defend itself.
You hit the goblin.
You kill the goblin!
No target in view!
No target in view!
You see here a +0 dagger. 2 kobolds come into view.
A kobold is wielding a +1 short sword of speed.
Found 11 gold pieces.
Found a stone staircase leading down.
The kobold shouts! x2
The kobold throws a stone.
The stone hits you but does no damage.
You reach to attack!
You miss the kobold.
The kobold throws a stone.
The stone misses you.
You barely miss the kobold.
The kobold hits you with a +0 short sword.
You hit the kobold but do no damage. The kobold hits you but does no damage.
You hit the kobold.
The kobold is severely wounded.
The kobold hits you with a +0 short sword.
The kobold misses you.
You barely miss the kobold.
The kobold is severely wounded.
The kobold hits you with a +1 short sword of speed.
The kobold hits you with a +0 short sword.
The kobold hits you with a +1 short sword of speed.
You are too injured to fight recklessly!
You are too injured to fight recklessly!
You hit the kobold.
You kill the kobold!
The kobold misses you. The kobold barely misses you.
The kobold hits you with a +1 short sword of speed.
* * * LOW HITPOINT WARNING * * *
You see here a +0 short sword.
You hit the kobold.
The kobold is moderately wounded.
The kobold hits you with a +1 short sword of speed.
* * * LOW HITPOINT WARNING * * *
The kobold hits you with a +1 short sword of speed.
You die...

...# ##########
....##......... #####
................ #...###
..$.............##.#.#..
................##.#....
................##.#....
................##.#....
....#..@K.......##.#)...
#..............##.##...
..##............##.###..
#.>....#....#### #.# #..
#.###...##..# #.# #.. #
#....#..#### #.# #..
#.#........# #.# #..
...........## #.# #..
....#........###.# #..


You could see a kobold.

Vanquished Creatures
  A goblin (D:1)
  A kobold (D:1)
  4 bats (D:1)
  A frilled lizard (D:1)
7 creatures vanquished.

Notes
Turn   | Place    | Note
-------+----------+-------------------------------------------
     0 | D:1      | concernfroge the Mummy Monk began the quest for the Orb.
     0 | D:1      | Reached XP level 1. HP: 18/18 MP: 1/1
   272 | D:1      | Slain by a kobold

Illustrated notes

Levels and vault maps discovered:
D:1:      lemuel_arrival_broad_hall, layout_rooms

Action                   || total
-------------------------++-------
Melee: Spear             ||    18
 Stab: Sleeping          ||     3
Armor: Robe              ||     2
Dodge: Dodged            ||    12
